 Dungeon Crawl Stone Soup version 0.28-a0-381-g937acc2988 (webtiles) character file.

Game seed: 311065613987761633

2 serber55 the Skirmisher (level 1, 0/18 HPs)
             Began as a Demonspawn Abyssal Knight on Sept 1, 2021.
             Was a Follower of Lugonu.
             Slain by a kobold (5 damage)
             ... on level 1 of the Dungeon.
             The game lasted 00:00:49 (149 turns).

serber55 the Skirmisher (Demonspawn Abyssal Knight)  Turns: 149, Time: 00:00:50

Health: 0/18       AC:  3    Str: 12    XL:     1   Next: 25%
Magic:  2/2        EV: 11    Int: 13    God:    Lugonu [*.....]
Gold:   34         SH:  0    Dex: 12    Spells: 0/0 levels left

rFire   . . .      SeeInvis .   a - +1 falchion
rCold   . . .      Faith    .   (no shield)
rNeg    . . .      Spirit   .   b - +0 leather armour
rPois   .          Reflect  .   (no helmet)
rElec   .          Harm     .   (no cloak)
rCorr   .          Rampage  .   (no gloves)
Will    .....                   (no boots)
Stlth   +.........              (no amulet)
HPRegen 0.06/turn               (no ring)
MPRegen 0.08/turn               (no ring)

@: no status effects
A: no striking features
a: Renounce Religion, Depart the Abyss


You were on level 1 of the Dungeon.
You worshipped Lugonu.
Lugonu was aware of your devotion.
You visited 1 branch of the dungeon, and saw 1 of its levels.
You visited the Abyss 1 time.

You collected 34 gold pieces.

Inventory:

Hand Weapons
 a - a +1 falchion (weapon)
Armour
 b - a +0 leather armour (worn)
Scrolls
 c - a scroll of immolation {unknown}


   Skills:
 + Level 3.1 Fighting
 + Level 1.7 Long Blades
 + Level 1.7 Armour
 + Level 0.8 Dodging
 + Level 2.4 Invocations


You couldn't memorise any spells.
You didn't know any spells.
Your spell library was empty.

Dungeon Overview and Level Annotations

Branches:
Dungeon (1/15)

Altars:


Message History

The ice dragon roars deafeningly!
You now have 23 gold pieces (gained 8).
The iron dragon roars deafeningly!
Found an escape hatch in the floor.
You open the door.
There is an open door here.
A kobold comes into view. It is wielding a +0 short sword.
The kobold shouts!
A kobold is nearby!
You see here 11 gold pieces.
You now have 34 gold pieces (gained 11).
Found a scroll labelled KOTOUL INARUA.
The kobold hits you with a +0 short sword.
An endoplasm comes into view.
The endoplasm quivers.
You hit the kobold.
You kill the kobold!
Lugonu accepts your kill.
Things that are here:
a +0 short sword; a kobold corpse You hit the endoplasm but do no damage.
The endoplasm hits you but does no damage.
You hit the endoplasm.
The endoplasm is severely wounded.
The endoplasm hits you.
You hit the endoplasm.
You kill the endoplasm!
Lugonu accepts your kill.
You can now depart the Abyss.
c - a scroll labelled KOTOUL INARUA A kobold comes into view.
It is wielding a +3 dagger of electrocution.
The kobold shouts!
The kobold hits you with a +3 dagger of electrocution.
You barely miss the kobold.
The kobold hits you with a +3 dagger of electrocution.
You are electrocuted!
* * * LOW HITPOINT WARNING * * *
You are too injured to fight recklessly!
You hit the kobold but do no damage.
The kobold hits you with a +3 dagger of electrocution.
You die...

### #^# #####
#...#### #########
+.>.'..###
##........
#...##...###.....#
###.######........#
#X#.#X# #..).....#
#####.###
#....@...#
#D#...#^#
######K###
###.##### .#
#D#.#^# .# ###.###
.. #^#.#X# ..
###.#### ...
#≈#..#X# ...
####.###


You could see a kobold.

Vanquished Creatures
  An endoplasm (D:1)
  A kobold (D:1)
2 creatures vanquished.

Notes
Turn   | Place    | Note
-------+----------+-------------------------------------------
     0 | Abyss:1  | serber55 the Demonspawn Abyssal Knight began the quest for
                  | the Orb.
     0 | Abyss:1  | Reached XP level 1. HP: 18/18 MP: 2/2
    40 | Abyss:1  | Noticed an efreet
    43 | Abyss:1  | Noticed a juggernaut skeleton
    52 | D:1      | Escaped the Abyss
    52 | D:1      | Noticed a large abomination
    52 | D:1      | Noticed a large abomination
    66 | D:1      | Noticed a shadow dragon
    68 | D:1      | Noticed a large abomination
    68 | D:1      | Noticed a shadow dragon
    70 | D:1      | Noticed an orb of fire
    71 | D:1      | Noticed a shadow dragon
    72 | D:1      | Noticed an orb of fire
    73 | D:1      | Noticed an ice dragon
    74 | D:1      | Noticed a large abomination
    76 | D:1      | Noticed a shadow dragon
    78 | D:1      | Noticed a large abomination
    80 | D:1      | Noticed a large abomination
    80 | D:1      | Noticed a tentacled monstrosity
    82 | D:1      | Noticed an ice dragon
    85 | D:1      | Noticed a tentacled monstrosity
    85 | D:1      | Noticed an iron dragon
   105 | D:1      | Reached * piety under Lugonu
   149 | D:1      | Slain by a kobold

Illustrated notes

Levels and vault maps discovered:
D:1:      shiori_arrival_whats_in_store_for_you, layout_basic,
          shapermc_ecumenical_altar_acropolis, serial_shops,
          nicolae_shop_temple_entry_statues_fountains, nicolae_shop_stone,
          nicolae_shop_behind_doors, shop, chequers_serial_rivers_large_a

Action                   || total
-------------------------++-------
Melee: Falchion          ||     6
Invok: Depart the Abyss  ||     1
Armor: Leather armour    ||     1
Dodge: Dodged            ||     2

Table legend: (Time is in decaauts)
 A = Elapsed time spent in this place.
 B = Non-inter-level travel time spent in this place.
 C = Inter-level travel time spent in this place.
 D = Time resting spent in this place.
 E = Time spent auto-exploring this place.
 F = Levels seen in this place.
 G = Mean time per level.
                   A        B        C        D        E       F      G
               +--------+--------+--------+--------+--------+-----+--------+
         Total |    149 |    149 |      0 |      0 |    117 |   2 |   74.5 |
       Dungeon |     97 |     97 |      0 |      0 |     77 |   1 |   97.0 |
         Abyss |     52 |     52 |      0 |      0 |     40 |   1 |   52.0 |
               +--------+--------+--------+--------+--------+-----+--------+

Top non-repeatable levels by time:
     D:1: 97 daAuts
 Abyss:1: 52 daAuts
